 Dungeon Crawl Stone Soup version 0.29-a0-837-g174bc33265 (webtiles) character file.

Game seed: 15867355756029432772

394 Ijustatesigmund the Firebug (level 6, -2/47 HPs)
             Began as a Hill Orc Fire Elementalist on July 13, 2022.
             Slain by a hobgoblin
             ... wielding a +0 falchion
              (6 damage)
             ... on level 4 of the Dungeon.
             The game lasted 00:10:44 (6297 turns).

Ijustatesigmund the Firebug (HOFE)                  Turns: 6297, Time: 00:10:44

Health: -2/47      AC:  4    Str: 11    XL:     6   Next: 81%
Magic:  8/12       EV: 12    Int: 15    God:
Gold:   266        SH:  0    Dex: 11    Spells: 8/11 levels left

rFire   . . .      SeeInvis .   c - +0 hand axe
rCold   . . .      Faith    .   (no shield)
rNeg    + . .      Spirit   .   a - +0 robe
rPois   .          Reflect  .   (no helmet)
rElec   .          Harm     .   (no cloak)
rCorr   .          Rampage  .   (no gloves)
Will    .....                   (no boots)
Stlth   ++........              (no amulet)
HPRegen 0.15/turn               l - ring of positive energy
MPRegen 0.13/turn               (no ring)

@: no status effects
A: iridescent scales 1, dopey 1, high MP 1
a: no special abilities


You were on level 4 of the Dungeon.
You visited 1 branch of the dungeon, and saw 4 of its levels.
You also visited: Sewer.

You collected 305 gold pieces.
You spent 39 gold pieces at shops.

Inventory:

Hand Weapons
 c - a +0 hand axe (weapon)
Missiles
 f - 5 silver javelins
Armour
 a - a +0 robe (worn)
 k - the +8 chain mail of Nemelex Xobeh's Whim {rC+ Str+2 Int+2}
   (You found it on level 2 of the Dungeon)

   Str:       It affects your strength (+2).
   Int:       It affects your intelligence (+2).
   rC:        It protects you from cold.
Jewellery
 l - a ring of positive energy (left hand)
Scrolls
 j - a scroll of identify
 m - a scroll of teleportation
Potions
 b - a potion of magic
 d - 2 potions of attraction
 e - a potion of cancellation
 g - a potion of brilliance {unknown}
 h - a potion of mutation
 i - a potion of might {unknown}


   Skills:
 + Level 1.2 Fighting
 - Level 2.1 Axes
 + Level 0.0(0.9) Maces & Flails
 - Level 1.1 Armour
 - Level 1.5 Dodging
 - Level 1.5 Stealth
 - Level 3.3 Spellcasting
 + Level 2.7 Conjurations
 + Level 5.4 Fire Magic


You had 8 spell levels left.
You knew the following spells:

 Your Spells              Type           Power      Damage    Failure   Level
a - Foxfire               Conj/Fire      56%        2x1d6     3%          1
b - Scorch                Fire           36%        2d7       3%          2

Your spell library contained the following spells:

 Spells                   Type           Power      Damage    Failure   Level
 Magic Dart               Conj           40%        1d5       6%          1
 Conjure Flame            Conj/Fire      14%        6-21      11%         3
 Inner Flame              Hex/Fire       10%        N/A       19%         3
 Call Imp                 Summ           2%         N/A       28%         2
 Ensorcelled Hibernation  Hex/Ice        4%         N/A       28%         2
 Sublimation of Blood     Necr           2%         N/A       28%         2
 Ignite Poison            Fire/Tmut/Pois 7%         N/A       28%         3
 Flame Wave               Conj/Fire      14%        2d6       36%         4
 Sticky Flame             Conj/Fire      14%        2d4       36%         4
 Mephitic Cloud           Conj/Pois/Air  5%         N/A       38%         3
 Spider Form              Tmut/Pois      2%         N/A       50%         3
 Anguish                  Hex/Necr       1%         N/A       88%         4
 Petrify                  Tmut/Erth      2%         N/A       88%         4
 Irradiate                Conj/Tmut      3%         3d12      97%         5


Dungeon Overview and Level Annotations

Branches:
Dungeon (4/15)              Sewer (visited)
 Temple: D:4-7

Altars:
Ashenzari
Okawaru
Uskayaw

Shops:
D:1 (


Innate Abilities, Weirdness & Mutations

You are partially covered in iridescent scales. (AC +2)
You are dopey. (Int -2)
You have an increased reservoir of magic. (+10% MP)


Message History

You hit the hobgoblin but do no damage. The hobgoblin closely misses you.
You hit the hobgoblin but do no damage.
The hobgoblin hits you with a +0 falchion.
The hobgoblin completely misses you.
You barely miss the hobgoblin.
The hobgoblin hits you with a +0 falchion.
You hit the hobgoblin but do no damage.
The hobgoblin hits you but does no damage.
You hit the hobgoblin but do no damage.
The hobgoblin hits you with a +0 falchion.
You completely miss the hobgoblin.
The hobgoblin hits you with a +0 falchion.
You closely miss the hobgoblin.
The hobgoblin hits you with a +0 falchion!
The hobgoblin hits you with a +0 falchion.
* * * LOW HITPOINT WARNING * * *
You are too injured to fight recklessly!
You are too injured to fight recklessly!
You are too injured to fight recklessly!
You are too injured to fight recklessly!
You are too injured to fight recklessly!
You are too injured to fight recklessly!
You are too injured to fight recklessly!
You are too injured to fight recklessly!
Casting: Scorch (safe; 3% risk of failure)
Confirm with . or Enter, or press ? or * to list all spells.
Flames lash the hobgoblin.
The hobgoblin is moderately wounded.
The hobgoblin's fire resistance burns away.
The hobgoblin hits you with a +0 falchion.
* * * LOW HITPOINT WARNING * * *
The hobgoblin hits you with a +0 falchion.
* * * LOW HITPOINT WARNING * * *
Casting: Scorch (safe; 3% risk of failure)
Confirm with . or Enter, or press ? or * to list all spells.
Flames lash the hobgoblin but do no damage.
The hobgoblin is no longer more vulnerable to fire.
The hobgoblin closely misses you.
The hobgoblin hits you with a +0 falchion.
You die...

.##.# #.# .##.# #.# ....#
########### ##.# # ....##
##.........## ##..# ##
##...####...######..# ##..## ##.
##).......# #..###..## ##..
#........### ###......## #..#
##.###......###.......## ##..#
##..#
#...).....@......######..##
...####.†###...g####...........#
...###..## ##............#######
..###..#####...........### #
.######≈≈≈..≈..≈≈###...### #####
.#.≈≈≈..≈..≈≈..≈≈#
##....####....
.#.......≈≈..≈...##
##...........
##_.≈≈≈.≈.....≈...# #########>..
#.......≈≈..≈....##### ##..


You could see a hobgoblin.

Vanquished Creatures
  Sigmund (D:4)
  An ogre (D:4)
  An iguana (D:4)
  4 adders
  A gnoll (D:4)
  A dart slug (D:2)
  An orc (D:4)
  An endoplasm (D:1)
  6 giant cockroaches
  8 hobgoblins
  8 jackals
  7 quokkas
  8 ball pythons
  5 bats
  2 frilled lizards
  8 goblins
  10 kobolds
  5 rats
78 creatures vanquished.

Vanquished Creatures (others)
  83 foxfires
83 creatures vanquished.

Grand Total: 161 creatures vanquished

Notes
Turn   | Place    | Note
-------+----------+-------------------------------------------
     0 | D:1      | Ijustatesigmund the Hill Orc Fire Elementalist began the
                  | quest for the Orb.
     0 | D:1      | Reached XP level 1. HP: 14/14 MP: 3/3
   898 | D:1      | Found Enlisor's Weapon Boutique.
   902 | D:1      | Reached XP level 2. HP: 20/20 MP: 1/4
   905 | D:1      | Learned a level 2 spell: Scorch
  1059 | D:1      | Bought a +0 hand axe for 39 gold pieces
  1913 | D:2      | Reached skill level 1 in Axes
  2226 | D:2      | Reached XP level 3. HP: 26/26 MP: 6/6
  2527 | D:2      | Identified the +8 chain mail of Nemelex Xobeh's Whim {rC+
                  | Str+2 Int+2}
  3202 | D:3      | Reached skill level 1 in Fighting
  3241 | D:3      | Reached skill level 1 in Armour
  3241 | D:3      | Reached XP level 4. HP: 20/35 MP: 7/7
  3286 | D:3      | Found a glowing drain.
  3314 | Sewer    | Entered a sewer
  3499 | Sewer    | Noticed Pargi
  3511 | Sewer    | Gained mutation: You have an increased reservoir of magic.
                  | (+10% MP) [potion of mutation]
  3511 | Sewer    | Gained mutation: You are dopey. (Int -2) [potion of
                  | mutation]
  3511 | Sewer    | Gained mutation: You are partially covered in iridescent
                  | scales. (AC +2) [potion of mutation]
  3859 | D:3      | Reached skill level 4 in Fire Magic
  4552 | D:4      | Found a broken altar of Ashenzari.
  4741 | D:4      | Found an iron altar of Okawaru.
  5045 | D:4      | Found a hide-covered altar of Uskayaw.
  5141 | D:4      | Reached XP level 5. HP: 21/40 MP: 4/9
  5612 | D:4      | Noticed Sigmund
  5619 | D:4      | Killed Sigmund
  5620 | D:4      | Reached skill level 5 in Fire Magic
  5620 | D:4      | Reached XP level 6. HP: 40/47 MP: 1/11
  6297 | D:4      | Slain by a hobgoblin

Illustrated notes

Levels and vault maps discovered:
D:1:      dpeg_arrival_fog, layout_basic, serial_shops, shop_coins
D:2:      layout_loops_ring, eino_tiny_chamber
D:3:      layout_loops_ring, cheibrodos_sewer_entry_drain
D:4:      layout_layer_cave, nicolae_uskayaw_suspiria,
          okawaru_altar_gauntlet_db, ashenzari_altar_1, serial_shops,
          kennysheep_mini, uniq_sigmund

Skill      XL: |  1  2  3  4  5 |
---------------+----------------+-----
Spellcasting   | 2 3 |  3.3
Axes           | 1 2 |  2.1
Fighting       | 1 |  1.2
Armour         | 1 |  1.1
Fire Magic     | 4 5 |  5.4
Conjurations   | 2 |  2.7
Dodging        | |  1.5
Stealth        | |  1.5

Action                   |  1- 3 |  4- 6 || total
-------------------------+-------+-------++-------
Melee: Short sword       |     2 |       ||     2
       Hand axe          |    96 |   228 ||   324
       Punch             |       |     2 ||     2
 Cast: Foxfire           |    37 |    15 ||    52
       Scorch            |       |    13 ||    13
  Use: Scroll            |     6 |     3 ||     9
       Potion            |       |     5 ||     5
Armor: Robe              |    12 |    51 ||    63
       Chain mail        |    97 |   158 ||   255
Dodge: Dodged            |    77 |   173 ||   250

Table legend: (Time is in decaauts)
 A = Elapsed time spent in this place.
 B = Non-inter-level travel time spent in this place.
 C = Inter-level travel time spent in this place.
 D = Time resting spent in this place.
 E = Time spent auto-exploring this place.
 F = Levels seen in this place.
 G = Mean time per level.
                   A        B        C        D        E       F      G
               +--------+--------+--------+--------+--------+-----+--------+
         Total |   6354 |   6171 |    183 |   1654 |   3563 |   5 | 1270.8 |
       Dungeon |   6070 |   5887 |    183 |   1569 |   3488 |   4 | 1517.5 |
         Sewer |    284 |    284 |      0 |     85 |     75 |   1 |  284.0 |
               +--------+--------+--------+--------+--------+-----+--------+

Top non-repeatable levels by time:
     D:1: 1903 daAuts
     D:4: 1711 daAuts
     D:3: 1454 daAuts
     D:2: 1001 daAuts
   Sewer: 284 daAuts
